 Dungeon Crawl Stone Soup version 0.14-a0-1974-gdb6e453 (webtiles) character file.

5975 Kae the Covert (level 10, -14/44 HPs)
             Began as a Spriggan Enchanter on Jan 17, 2014.
             Was a Believer of Dithmengos.
             Shot with an arrow by a skeletal warrior (31 damage)
             ... on Level 8 of the Dungeon.
             The game lasted 00:21:12 (10865 turns).

Kae the Covert (Spriggan Enchanter)                Turns: 10865, Time: 00:21:12

HP -14/44        AC  4     Str  7      XL: 10   Next: 44%
MP   3/29        EV 18     Int 18      God: Dithmengos [**....]
Gold 427         SH  0     Dex 18      Spells:  3 memorised, 19 levels left

rFire  . . .     SeeInvis +     a - +2 dagger
rCold  . . .     Clarity  .     b - +1 robe
rNeg   . . .     Conserve .     (shield restricted)
rPois  .         rCorr    .     (helmet restricted)
rElec  .         rRot     .     t - +0 cloak
SustAb . .       Spirit   .     (gloves unavailable)
rMut   .         Warding  .     (boots unavailable)
Saprov . . .     Stasis   .     w - amulet of faith
MR     +....                    y - ring of flight
                                u - ring of sustenance

@: mildly poisoned, wreathed by umbra, very quick, somewhat resistant to hostile
enchantments, uncannily stealthy
A: unfitting armour, hooves 1, see invisible, clever 1, herbivore 3, speed 3,
slow healing 1, slow metabolism 2
a: Shadow Step, Renounce Religion, Evoke Flight


You were on level 8 of the Dungeon.
You worshipped Dithmengos.
Dithmengos was pleased with you.
You were very full.

You visited 2 branches of the dungeon, and saw 9 of its levels.

You collected 427 gold pieces.

Inventory:

Hand weapons
 a - a +2,+2 dagger (weapon)
Missiles
 d - 12 darts (quivered)
 o - 19 tomahawks
 s - 2 tomahawks of returning
Armour
 b - a +1 robe (worn)
 t - a +0 cloak (worn)
Magical devices
 p - a wand of paralysis (7) {unknown}
 D - a wand of polymorph (8) {unknown}
Comestibles
 k - 4 bread rations
 q - 2 honeycombs
 x - 3 lemons
Scrolls
 e - a scroll of enchant weapon II
 g - 8 scrolls of identify
 h - a scroll of amnesia
 m - a scroll of blinking
 n - 2 scrolls of enchant armour {unknown}
 r - 3 scrolls of remove curse
Jewellery
 l - an uncursed ring of sustain abilities
 u - a ring of sustenance (left hand)
 w - an amulet of faith (around neck)
 y - a ring of flight (right hand)
 A - a cursed -3 ring of dexterity {unknown}
Potions
 i - a potion of restore abilities
 j - 2 potions of curing
 z - a potion of porridge
 B - a potion of brilliance {unknown}
Books
 c - a book of Maledictions

   Spells                             Type                      Level
   *Corona                            Hexes                        1
   Sure Blade                         Hexes/Charms                 2
   *Ensorcelled Hibernation           Hexes/Ice                    2
   *Confuse                           Hexes                        3
   Enslavement                        Hexes                        4
   Invisibility                       Hexes                        6
 v - a book of the Sky

   Spells                             Type                      Level
   Flight                             Charms/Air                   3
   Airstrike                          Air                          4
   Silence                            Hexes/Air                    5
   Deflect Missiles                   Charms/Air                   6
   Conjure Ball Lightning             Conjuration/Air              6
   Tornado                            Air                          9
 C - a book of Annihilations {highlevel}

   This book is beyond your current level of understanding.

   Spells                             Type                      Level
   Poison Arrow                       Conjuration/Poison           6
   Chain Lightning                    Conjuration/Air              8
   Lehudib's Crystal Spear            Conjuration/Earth            8
   Ice Storm                          Conjuration/Ice              9
   Fire Storm                         Conjuration/Fire             9


   Skills:
 * Level 10.0 Short Blades
 - Level 1.1 Throwing
 - Level 3.0 Dodging
 * Level 13.7 Stealth
 + Level 8.3 Spellcasting
 + Level 8.3 Hexes


You had 19 spell levels left.
You knew the following spells:

 Your Spells              Type           Power        Failure   Level  Hunger
a - Corona                Hex            #####..      1%          1    None
b - Ensorcelled Hibernat  Hex/Ice        ###...       2%          2    None
c - Confuse               Hex            #####...     1%          3    #......


Dungeon Overview and Level Annotations

Branches:
Dungeon (8/16)             Temple (1/1) D:7
   Lair: D:8-11

Altars:
Ashenzari
Cheibriados
Dithmengos
Elyvilon
Kikubaaqudgha
Makhleb
Nemelex Xobeh
Okawaru
Sif Muna
Trog
Vehumet
Xom
Yredelemnul
Zin
the Shining One

Shops:
D:7 (   D:8 *


Innate Abilities, Weirdness & Mutations

You are tiny and cannot use many weapons and most armour.
You have supernaturally acute eyesight.
You are a herbivore.
You cover ground extremely quickly.
You need consume almost no food.
You have large cloven feet.
Your mind is acute. (Int +2)
You heal slowly when monsters are visible.


Message History

Aim: a skeletal warrior, wielding a battleaxe and wearing an orcish ring mail (heavily damaged)
The skeletal warrior resists with almost no effort.
You feel sick.
You feel sick.
Casting: Confuse
Confirm with . or Enter, or press ? or * to list all spells.
Aiming: Confuse
Press: ? - help, Shift-Dir - straight line, f/p - skeletal warrior
Aim: a skeletal warrior, wielding a battleaxe and wearing an orcish ring mail (heavily damaged)
The skeletal warrior resists with almost no effort.
You feel sick.
You feel a little better.
You feel sick.
You feel sick.
You feel sick.
The skeletal warrior unwields an uncursed glaive.
The skeletal warrior wields a bow.
The skeletal warrior shoots an arrow.
The arrow hits you!
Ouch! That really hurt!
You die...

#.......# #.....# #.. ######.##
###.### #.# ###.#######.# #.#
#......##...# #.# #.#.##.##.####
#z# #.#....##....## #.#
#.###..##.###.# #.#
#########.###.....# #)######.#
#............@.##.###[.......# #
#.#####>....####....%######### #
#)##...z....# #...)##
####.....#<....## #....#
..##(###...z....# ####.## ....(#
#.#...##.# #...#
..##.###.#.#.##.# #...# ##
####.(.......##.# #...########.
.....#####.#.##.#####.>.......##.


You could see 2 skeletal warriors.

Vanquished Creatures
  3 skeletal warriors (D:8)
  The ghost of Kae the Covert, an experienced SpEn of Dithmengos (D:6)
  The ghost of wuxia the Poker, an average MfSk (D:4)
  4 sharks (D:7)
  A necrophage (D:4)
  4 ice beasts
  A phantom (D:5)
  2 ogres
  3 centaurs
  A boring beetle (D:8)
  A water moccasin (D:7)
  Sigmund (D:2)
  A big kobold (D:8)
  3 giant frogs
  A giant slug (D:8)
  A crocodile (D:8)
  A goliath beetle (D:8)
  5 orc priests
  A hound (D:8)
  5 crimson imps
  Crazy Yiuf (D:3)
  A giant frog skeleton (D:5)
  A spider (D:8)
  3 scorpions
  6 orc wizards
  3 iguanas
  5 worker ants
  Jessica (D:2)
  A hound skeleton (D:4)
  A hound zombie (D:7)
  6 gnolls
  9 adders
  A giant centipede (D:8)
  A giant mite (D:7)
  5 worms
  An iguana zombie (D:8)
  8 giant geckos
  An ooze (D:1)
  30 orcs
  A ball python (D:6)
  16 bats
  2 bat skeletons
  6 giant cockroaches
  18 hobgoblins
  5 jackals
  16 kobolds
  4 giant newts
  24 goblins
  2 hobgoblin zombies
  12 rats
  A rat skeleton (D:7)
  A fungus (D:3)
234 creatures vanquished.

Notes
Turn   | Place    | Note
--------------------------------------------------------------
     0 | D:1      | Kae, the Spriggan Enchanter, began the quest for the Orb.
     0 | D:1      | Reached XP level 1. HP: 9/9 MP: 4/4
   354 | D:1      | Reached XP level 2. HP: 8/13 MP: 7/7
   566 | D:1      | Learned a level 2 spell: Ensorcelled Hibernation
   846 | D:1      | Reached skill level 4 in Stealth
   952 | D:2      | Reached XP level 3. HP: 7/16 MP: 3/9
  1607 | D:2      | Noticed Sigmund
  1649 | D:2      | Reached XP level 4. HP: 10/21 MP: 5/13
  2054 | D:2      | Reached skill level 5 in Stealth
  2548 | D:2      | Noticed Jessica
  2574 | D:2      | Killed Jessica
  2850 | D:2      | Gained mutation: You have large cloven feet. [potion of mutation]
  2850 | D:2      | Gained mutation: You heal slowly when monsters are visible. [potion of mutation]
  2876 | D:2      | Killed Sigmund
  2876 | D:2      | Reached XP level 5. HP: 12/24 MP: 9/17
  3214 | D:3      | Reached skill level 6 in Stealth
  3487 | D:3      | Reached XP level 6. HP: 28/28 MP: 14/20
  3875 | D:3      | Found a glowing silver altar of Zin.
  3879 | D:3      | Noticed an angel
  3881 | D:3      | Found a shimmering altar of Xom.
  4373 | D:3      | Noticed Crazy Yiuf
  4379 | D:3      | Killed Crazy Yiuf
  4540 | D:4      | Reached skill level 7 in Stealth
  4798 | D:4      | Noticed wuxia's ghost (average MfSk)
  4811 | D:4      | Learned a level 3 spell: Confuse
  4820 | D:4      | Killed wuxia's ghost
  4820 | D:4      | Reached skill level 5 in Hexes
  4820 | D:4      | Reached XP level 7. HP: 32/32 MP: 15/21
  5109 | D:4      | Noticed a necrophage
  5124 | D:4      | Killed a necrophage
  5124 | D:4      | Reached skill level 8 in Stealth
  5155 | D:4      | Reached skill level 5 in Short Blades
  5731 | D:5      | Entered Level 5 of the Dungeon
  5797 | D:5      | Reached skill level 5 in Spellcasting
  6100 | D:5      | Reached skill level 9 in Stealth
  6100 | D:5      | Reached XP level 8. HP: 32/36 MP: 15/24
  6571 | D:6      | Found a shadowy altar of Dithmengos.
  6605 | D:6      | Reached skill level 10 in Stealth
  6767 | D:6      | Noticed Kae's ghost (experienced SpEn)
  6783 | D:6      | Killed Kae's ghost
  7088 | D:7      | Found a flagged portal.
  7345 | D:7      | Reached XP level 9. HP: 19/39 MP: 27/27
  7389 | D:7      | Found a staircase to the Ecumenical Temple.
  7395 | D:7      | Reached skill level 11 in Stealth
  7401 | Temple   | Entered the Ecumenical Temple
  7531 | D:6      | Gained mutation: Your mind is acute. (Int +2) [potion of beneficial mutation]
  7534 | D:6      | Became a worshipper of Dithmengos
  7564 | D:7      | HP: 1/39 [poison (a potion of poison)]
  8163 | D:7      | Found Strefahua's Weapon Shoppe.
  8302 | D:7      | Reached skill level 12 in Stealth
  8621 | D:8      | Found Shroklam's General Store.
  8658 | D:8      | Noticed a skeletal warrior
  8660 | D:8      | Noticed a skeletal warrior
  8662 | D:8      | Killed a skeletal warrior
  8663 | D:8      | Noticed a skeletal warrior
  8663 | D:8      | Noticed a skeletal warrior
  8664 | D:8      | Killed a skeletal warrior
  8664 | D:8      | Reached skill level 13 in Stealth
  8664 | D:8      | Reached XP level 10. HP: 38/44 MP: 27/29
  8665 | D:8      | Noticed a skeletal warrior
  8666 | D:8      | Killed a skeletal warrior
 10105 | D:8      | Acquired Dithmengos' first power
 10469 | D:8      | Reached skill level 10 in Short Blades
 10865 | D:8      | Shot with an arrow by a skeletal warrior

Action                   |  1- 3 |  4- 6 |  7- 9 | 10-12 || total
-------------------------+-------+-------+-------+-------++-------
Melee: Dagger            |   107 |   181 |   238 |    64 ||   590
 Cast: Corona            |     5 |     1 |     1 |       ||     7
       Ensorcelled Hiber |    14 |    45 |    86 |    28 ||   173
       Confuse           |       |     2 |    15 |    54 ||    71
  Use: Potion            |     2 |     4 |     5 |     2 ||    13
       Scroll            |       |     9 |     9 |       ||    18
 Stab: Sleeping          |    10 |    32 |    75 |    27 ||   144
       Confused          |       |     2 |     8 |       ||    10
       Distracted        |       |       |       |     3 ||     3
